 Dungeon Crawl Stone Soup version 0.31-a0-202-g547052bce9 (webtiles) character file.

Game seed: 4595424217083090333

62 qw the Shooter (level 3, -6/20 HPs)
             Began as a Deep Elf Hunter on June 26, 2023.
             Mangled by a sleepcap (21 damage)
             ... on level 3 of the Dungeon.
             The game lasted 00:00:29 (1780 turns).

qw the Shooter (Deep Elf Hunter)                    Turns: 1780, Time: 00:00:30

Health: -6/20      AC:  3    Str: 10    XL:     3   Next: 85%
Magic:  5/5        EV:  2    Int: 13    God:
Gold:   61         SH:  0    Dex: 18    Spells: 2/2 levels left

rFire   . . .        Y - +0 shortbow
rCold   . . .        (shield currently unavailable)
rNeg    . . .        c - +0 leather armour
rPois   .            (no helmet)
rElec   .            (no cloak)
rCorr   .            (no gloves)
SInv    .            (no boots)
Will    .....        (no amulet)
Stlth   ++           a - +4 ring of slaying {mikee}
HPRegen 0.23/turn    (no ring)
MPRegen 0.09/turn

%: no passive effects
@: sleeping
A: no striking features
a: no special abilities


You were on level 3 of the Dungeon.
You visited 1 branch of the dungeon, and saw 3 of its levels.

You collected 133 gold pieces.
You spent 72 gold pieces at shops.


   Skills:
 - Level 1.5 Fighting
 + Level 7.3 Ranged Weapons
 - Level 2.4 Dodging
 - Level 1.2 Stealth


You had 2 spell levels left.
You didn't know any spells.
Your spell library was empty.

Inventory:

Hand Weapons
 Y - a +0 shortbow (weapon)
Armour
 c - a +0 leather armour (worn)
 l - a +0 ring mail
Jewellery
 a - a +4 ring of slaying (left hand) {mikee}
Scrolls
 e - a scroll of identify
Potions
 b - a potion of heal wounds
 d - a potion of enlightenment
 f - 2 potions of curing
 g - a potion of might
 h - a potion of mutation {unknown}
 i - a potion of cancellation {unknown}
 j - a potion of haste
 k - a potion of lignification {unknown}

Dungeon Overview and Level Annotations

Branches:
Dungeon (3/15)

Altars:

Shops:
D:2 ?


Message History

Enter note:
Enter note: You see here a +0 chain mail.
Found a dagger.
Enter note:
Enter note:
Enter note: A rat comes into view.
Enter note:
Enter note: You shoot an arrow.
The arrow hits the rat.
You kill the rat!
You see here a +0 dagger.
A sleepcap comes into view.
Enter note:
Enter note:
Enter note:
Enter note: You shoot an arrow.
The arrow hits the sleepcap but does no damage.
You shoot an arrow. The arrow hits the sleepcap.
The sleepcap is lightly damaged.
You shoot an arrow. The arrow hits the sleepcap!
The sleepcap is heavily damaged.
You shoot an arrow.
The arrow hits the sleepcap but does no damage.
The sleepcap is heavily damaged.
You shoot an arrow. The arrow hits the sleepcap.
The sleepcap is severely damaged.
You shoot an arrow.
The arrow completely misses the sleepcap.
The sleepcap closely misses you.
You shoot an arrow. The arrow hits the sleepcap.
The sleepcap is almost destroyed.
The sleepcap releases spores at you.
You are engulfed in a cloud of soporific spores!
You fall asleep.
The sleepcap releases spores at you!!
Ouch! That really hurt!
You die...

77. # ...# # ..'
######## # ..###
#......# # # 777.#.#
#.####.### #.
...#.###.####)...
#####'###'#.............
......................#.
......f@........##......
.........#########.##.##
..######.# ....##.#. #.#
....##.## #.# ....##.#.
#.# #.##.#. #.# #.##'#.
#.# #...... #.# #......


You could see a sleepcap.

Vanquished Creatures
  2 adders (D:2)
  A dart slug (D:2)
  10 bats
  4 endoplasms (D:1)
  A giant cockroach (D:2)
  6 goblins
  3 hobgoblins (D:1)
  2 quokkas (D:1)
  2 ball pythons
  4 frilled lizards
  A kobold (D:2)
  A rat (D:3)
37 creatures vanquished.

Notes
Turn   | Place    | Note
-------+----------+-------------------------------------------
     0 | D:1      | qw the Deep Elf Hunter began the quest for the Orb.
     0 | D:1      | Reached XP level 1. HP: 12/12 MP: 3/3
     0 | D:1      | 0 ||| qw: Version: 0.3-a-22-g0ed2b0b
     0 | D:1      | 0 ||| qw: Game counter: 6207
     0 | D:1      | 0 ||| qw: Melee chars always use a shield: true
     0 | D:1      | 0 ||| qw: God list: Okawaru
     0 | D:1      | 0 ||| qw: Allow faded altars: false
     0 | D:1      | 0 ||| qw: Do Orc after clearing Dungeon:15 true
     0 | D:1      | 0 ||| qw: Do second Lair branch before Depths: true
     0 | D:1      | 0 ||| qw: Lair rune preference: random
     0 | D:1      | 0 ||| qw: Goals: Normal
     0 | D:1      | 0 ||| PLANNING D:1-11
    78 | D:1      | Found a faded altar of an unknown god.
    89 | D:1      | Reached skill level 6 in Ranged Weapons
    89 | D:1      | Reached XP level 2. HP: 16/16 MP: 4/4
   607 | D:1      | Reached XP level 3. HP: 20/20 MP: 5/5
   758 | D:1      | 758 ||| READING scroll labelled ZUFAPTO ERUTIE.
   759 | D:1      | 759 ||| READING scroll labelled SAGRYADIOT.
   760 | D:1      | 760 ||| READING scroll labelled WOETECV NOSMO LEPT.
   761 | D:1      | 761 ||| READING scroll labelled JIRRIL TEDEWA.
   762 | D:1      | 762 ||| DROPPING scroll of butterflies.
  1008 | D:2      | Found Deagh's Magic Scroll Boutique.
  1012 | D:2      | 1012 ||| SHOPLISTING scroll of enchant weapon (90 gold,
                  | have 72).
  1012 | D:2      | 1012 ||| BUYING scroll of identify (24 gold).
  1012 | D:2      | Bought a scroll of identify for 24 gold pieces
  1012 | D:2      | 1012 ||| BUYING scroll of identify (24 gold).
  1012 | D:2      | Bought a scroll of identify for 24 gold pieces
  1012 | D:2      | 1012 ||| BUYING scroll of identify (24 gold).
  1012 | D:2      | Bought a scroll of identify for 24 gold pieces
  1012 | D:2      | 1012 ||| SHOPLISTING scroll of identify (24 gold, have 0).
  1202 | D:2      | Reached skill level 7 in Ranged Weapons
  1542 | D:2      | 1542 ||| UPGRADING to +4 ring of slaying {mikee}.
  1543 | D:2      | 1543 ||| DRINKING 2 lumpy puce potions.
  1544 | D:2      | 1544 ||| DRINKING 2 inky potions.
  1545 | D:2      | 1545 ||| READING 4 scrolls of identify.
  1545 | D:2      | 1545 ||| IDENTIFYING bubbling orange potion
  1546 | D:2      | 1546 ||| READING 3 scrolls of identify.
  1546 | D:2      | 1546 ||| IDENTIFYING clear potion
  1547 | D:2      | 1547 ||| READING 2 scrolls of identify.
  1547 | D:2      | 1547 ||| IDENTIFYING pink potion
  1703 | D:3      | Identified the +1 long sword "Ythomuud" {flame, rN+}
  1780 | D:3      | Mangled by a sleepcap

Levels and vault maps discovered:
D:1:      minmay_arrival_five_plusses, layout_basic,
          dreamdust_ecumenical_altar_statues,
          amcnicky_mini_rare_corridor_liquid, serial_bayou_crossing
D:2:      layout_basic, serial_shops, shop
D:3:      layout_basic, mainiacjoe_overflow_six_doors_small, minmay_rat_hole

Skill      XL: |  1  2  3 |
---------------+----------+-----
Ranged Weapons | 6 7 |  7.3
Fighting       | |  1.5
Dodging        | |  2.4
Stealth        | |  1.2

Action                     || total
---------------------------++-------
   Fire: Shortbow          ||    93
    Use: Scroll            ||     7
         Potion            ||     2
 Armour: Leather armour    ||     9
  Dodge: Dodged            ||    26

Table legend:
 A = Non-vault XP
 B = Vault XP
 C = Vault XP percentage of total XP
 D = Non-vault monster count
 E = Vault monster count
 F = Vault count percentage of total count
                 A         B        C        D         E       F
            +---------+---------+-------+---------+---------+-------
      Total |      89 |       0 |   0.0 |      37 |       0 |   0.0
            +---------+---------+-------+---------+---------+-------
        D:1 |      42 |       0 |   0.0 |      23 |       0 |   0.0
        D:2 |      43 |       0 |   0.0 |      11 |       0 |   0.0
        D:3 |       4 |       0 |   0.0 |       3 |       0 |   0.0
            +---------+---------+-------+---------+---------+-------
